 Dungeon Crawl Stone Soup version 0.30.1-11-g7821555f0a (webtiles) character file.

Game seed: 16368600546950982034

134 Gumption the Sneak (level 4, -2/21 HPs)
             Began as a Spriggan Enchanter on Nov 13, 2023.
             Slain by an orc priest
             ... wielding a +0 flail of protection
              (5 damage)
             ... on level 4 of the Dungeon.
             The game lasted 00:33:38 (4255 turns).

Gumption the Sneak (Spriggan Enchanter)             Turns: 4255, Time: 00:33:38

Health: -2/21      AC:  2    Str:  4    XL:     4   Next: 95%
Magic:  0/10       EV: 17    Int: 18    God:
Gold:   203        SH:  0    Dex: 15    Spells: 2/10 levels left

rFire   + . .        a - +1 dagger (drain)
rCold   . . .        (no shield)
rNeg    . . .        b - +0 robe
rPois   .            (helmet restricted)
rElec   .            (no cloak)
rCorr   .            (gloves unavailable)
SInv    +            (boots unavailable)
Will    .....        (no amulet)
Stlth   +++          m - ring of protection from fire
HPRegen 0.23/turn    (no ring)
MPRegen 0.12/turn

%: no passive effects
@: very quick
A: very small, no large weapons, unfitting armour, see invisible, speed 3
a: no special abilities


You were on level 4 of the Dungeon.
You visited 1 branch of the dungeon, and saw 4 of its levels.

You collected 203 gold pieces.

Inventory:

Hand Weapons
 a - a +1 dagger of draining (weapon)
 t - a +1 dagger
Missiles
 d - 2 throwing nets
 h - 3 poisoned darts (quivered)
Armour
 b - a +0 robe (worn)
Jewellery
 e - a ring of fire
 m - a ring of protection from fire (left hand)
Scrolls
 j - 2 scrolls of identify
 l - a scroll of noise {unknown}
 n - a scroll of blinking {unknown}
Potions
 c - 2 potions of invisibility
 f - a potion of ambrosia
 g - a potion of might
 i - a potion of brilliance
 k - 2 potions of curing
 o - a potion of haste {unknown}
 p - a potion of flight {unknown}
 q - a potion of lignification {unknown}
 r - a potion of heal wounds {unknown}
 s - a potion of attraction {unknown}


   Skills:
 - Level 1.1 Short Blades
 - Level 2.6 Dodging
 + Level 5.5 Stealth
 + Level 3.7 Spellcasting
 * Level 5.2 Hexes
 + Level 1.3 Ice Magic


You had 2 spell levels left.
You knew the following spells:

 Your Spells              Type           Power      Damage    Failure   Level
a - Ensorcelled Hibernat  Hex/Ice        30%        N/A       6%          2
b - Confusing Touch       Hex            22%        N/A       5%          3
c - Dazzling Flash        Conj/Hex       24%        N/A       16%         3

Your spell library contained the following spells:

 Spells                   Type           Power      Damage    Failure   Level
 Blink                    Tloc           6%         N/A       22%         2
 Lesser Beckoning         Tloc           6%         N/A       22%         2
 Momentum Strike          Conj/Tloc      6%         3d8       22%         2
 Tukima's Dance           Hex            22%        N/A       5%          3


Dungeon Overview and Level Annotations

Branches:
Dungeon (4/15)
 Temple: D:4-7

Altars:

Shops:
D:3 [   D:4 :(


Innate Abilities, Weirdness & Mutations

You are very small and have problems with some larger weapons.
You are too small for most types of armour.
You have supernaturally acute eyesight. (SInv)
You cover ground extremely quickly. (Speed+++)


Message History

Casting: Ensorcelled Hibernation (safe; 6% risk of failure)
Confirm with . or Enter, or press ? or * to list all spells.
Aiming: Ensorcelled Hibernation (safe; 6% risk of failure)
Press: ? - help, Shift-Dir - straight line, f - orc priest
Aim: an orc priest, wielding a +0 flail of protection (chance to affect: 49%)
The orc priest resists with some effort.
The orc priest invokes the aid of Beogh against you.
Beogh smites you!
Casting: Ensorcelled Hibernation (safe; 6% risk of failure)
Confirm with . or Enter, or press ? or * to list all spells.
Aiming: Ensorcelled Hibernation (safe; 6% risk of failure)
Press: ? - help, Shift-Dir - straight line, f/p - orc priest
Aim: an orc priest, wielding a +0 flail of protection (chance to affect: 49%)
The orc priest resists with some effort.
The orc priest invokes the aid of Beogh against you.
You struggle to resist.
Casting: Ensorcelled Hibernation (safe; 6% risk of failure)
Confirm with . or Enter, or press ? or * to list all spells.
Aiming: Ensorcelled Hibernation (safe; 6% risk of failure)
Press: ? - help, Shift-Dir - straight line, f/p - orc priest
Aim: an orc priest, wielding a +0 flail of protection (chance to affect: 49%)
The orc priest resists with some effort.
The orc priest invokes the aid of Beogh against you.
Beogh smites you!
* * * LOW HITPOINT WARNING * * *
Casting: Ensorcelled Hibernation (safe; 6% risk of failure)
Confirm with . or Enter, or press ? or * to list all spells.
Aiming: Ensorcelled Hibernation (safe; 6% risk of failure)
Press: ? - help, Shift-Dir - straight line, f/p - orc priest
Aim: an orc priest, wielding a +0 flail of protection (chance to affect: 49%)
The orc priest resists with some effort.
Casting: Ensorcelled Hibernation (safe; 6% risk of failure)
Confirm with . or Enter, or press ? or * to list all spells.
Aiming: Ensorcelled Hibernation (safe; 6% risk of failure)
Press: ? - help, Shift-Dir - straight line, f/p - orc priest
Aim: an orc priest, wielding a +0 flail of protection (chance to affect: 49%)
The orc priest resists with some effort.
You barely miss the orc priest.
The orc priest hits you with a +0 flail of protection.
You die...

.....##..# #####.......
...!..##.. #.#.......
......#..######.......#.
.........##...........
........#>.....#####
#...#.........##### #
#..)#.........).... #≈
#.o......###...... ≈≈
#@###....# #...... #≈
### #....##..#####
...#≈≈#####........#
...~≈≈..............
##..≈≈........#..#..
.....o...##...#♣~.#~
.~..≈~~.###~≈~.~≈..~
...~~...# #♣..>~.~..
#...≈~~.# ≈..~~.


You could see an orc priest.

Vanquished Creatures
  3 gnolls
  3 adders
  2 worms (D:2)
  4 dart slugs
  3 orcs (D:3)
  3 ball pythons
  5 bats
  4 endoplasms
  3 hobgoblins
  6 jackals
  5 kobolds
  2 quokkas
  3 training dummies (D:4)
  3 frilled lizards
  8 goblins
  5 rats
62 creatures vanquished.

Notes
Turn   | Place    | Note
-------+----------+-------------------------------------------
     0 | D:1      | Gumption the Spriggan Enchanter began the quest for the
                  | Orb.
     0 | D:1      | Reached XP level 1. HP: 9/9 MP: 5/5
   219 | D:1      | Reached XP level 2. HP: 9/13 MP: 6/6
   273 | D:1      | Learned a level 2 spell: Ensorcelled Hibernation
  1327 | D:2      | Reached XP level 3. HP: 10/16 MP: 1/8
  1391 | D:1      | Learned a level 3 spell: Confusing Touch
  1395 | D:1      | Learned a level 3 spell: Dazzling Flash
  1630 | D:2      | Reached skill level 5 in Stealth
  1947 | D:2      | Found a faded altar of an unknown god.
  2658 | D:2      | Reached XP level 4. HP: 21/21 MP: 2/10
  2744 | D:1      | Reached skill level 1 in Ice Magic
  3557 | D:3      | Reached skill level 5 in Hexes
  3675 | D:3      | Found Taaqoleh's Antique Armour Emporium.
  3841 | D:4      | Found Utofyd's Firing Range.
  4173 | D:4      | Noticed an ogre
  4206 | D:4      | Found Camy's Tremendous Tomes.
  4255 | D:4      | Slain by an orc priest

Illustrated notes

Levels and vault maps discovered:
D:1:      shiori_arrival_maze, layout_rooms, chequers_serial_rivers_large_b,
          amcnicky_mini_rare_corridor_liquid
D:2:      layout_rooms, dreamdust_ecumenical_altar_grove
D:3:      layout_loops_ring, serial_shops, nicolae_lakefront_shop
D:4:      layout_cave_pools, serial_rivers, chequers_serial_rivers_marsh,
          chequers_serial_rivers_small_3, chequers_serial_rivers_marsh,
          chequers_serial_rivers_small_3, chequers_serial_rivers_small_b,
          chequers_serial_rivers_micro_c, nicolae_shop_i_like_big_books,
          nicolae_shop_firing_range

Skill      XL: |  1  2  3  4 |
---------------+-------------+-----
Hexes          | 4 5 |  5.2
Spellcasting   | 3 |  3.7
Stealth        | 5 |  5.5
Ice Magic      | 1 |  1.3
Short Blades   | |  1.1
Dodging        | |  2.6

Action                     |  1- 3 |  4- 6 || total
---------------------------+-------+-------++-------
  Melee: Dagger            |    74 |    36 ||   110
  Throw: Dart              |     4 |       ||     4
   Cast: Ensorcelled Hiber |    32 |    26 ||    58
         Confusing Touch   |     1 |       ||     1
    Use: Scroll            |     3 |     2 ||     5
   Stab: Sleeping          |    27 |    19 ||    46
         Distracted        |     1 |       ||     1
 Armour: Robe              |    12 |       ||    12
  Dodge: Dodged            |    60 |    11 ||    71
